 Dungeon Crawl Stone Soup version 0.21-a0-404-g291f19a (webtiles) character file.

1820 nikopol the Thaumaturge (level 8, -2/42 HPs)
             Began as a Deep Elf Fire Elementalist on Oct 28, 2017.
             Was an Initiate of Sif Muna.
             Slain by a sky beast (5 damage)
             ... on level 5 of the Dungeon.
             The game lasted 00:21:17 (6600 turns).

nikopol the Thaumaturge (DEFE)                      Turns: 6600, Time: 00:21:18

Health: -2/42      AC:  3    Str:  5    XL:     8   Next: 85%
Magic:  15/23      EV: 14    Int: 23    God:    Sif Muna [......]
Gold:   311        SH:  0    Dex: 15    Spells: 14/25 levels left

rFire    . . .     SeeInvis .   F - staff of conjuration
rCold    + . .     Gourm    .   (no shield)
rNeg     . . .     Faith    .   a - +0 robe
rPois    .         Spirit   .   (no helmet)
rElec    .         Reflect  .   (no cloak)
rCorr    .         Harm     .   (no gloves)
MR       .....                  r - +0 pair of boots
Stlth    +++.......             (no amulet)
HPRegen  0.14/turn              e - ring of protection from cold
MPRegen  0.18/turn              (no ring)

@: no status effects
A: no striking features
a: Renounce Religion


You were on level 5 of the Dungeon.
You worshipped Sif Muna.
Sif Muna was noncommittal.
You were not hungry.

You visited 2 branches of the dungeon, and saw 7 of its levels.

You collected 311 gold pieces.

Inventory:

Hand Weapons
 o - a +0 dagger
 q - a +1 dagger of pain
 s - a +1 dagger of holy wrath
 A - a +1 dagger of electrocution
Armour
 a - a +0 robe (worn)
 r - a +0 pair of boots (worn)
Magical Staves
 F - an uncursed staff of conjuration (weapon)
Jewellery
 e - a ring of protection from cold (left hand)
 H - an uncursed ring of ice
Wands
 C - a wand of iceblast (8/15)
Scrolls
 d - a scroll of fear {unknown}
 i - a scroll of noise {unknown}
 j - 8 scrolls of identify {unknown}
 l - 3 scrolls of remove curse {unknown}
 m - a scroll of magic mapping {unknown}
 n - 3 scrolls of recharging {unknown}
 t - 2 scrolls of fog {unknown}
 u - a scroll of immolation {unknown}
 x - a scroll of teleportation {unknown}
 y - a scroll of amnesia {unknown}
 z - a scroll of random uselessness {unknown}
Potions
 g - 2 potions of brilliance {unknown}
 h - 3 potions of curing {unknown}
 k - a potion of mutation {unknown}
 p - 3 potions of flight {unknown}
 v - a potion of lignification {unknown}
 w - a potion of heal wounds {unknown}
 D - a potion of haste {unknown}
 E - a potion of agility {unknown}
Books
 b - a book of Flames

   Spells                             Type                      Level
   a - Flame Tongue                   Conjuration/Fire             1
   b - Throw Flame                    Conjuration/Fire             2
   c - Conjure Flame                  Conjuration/Fire             3
   d - Inner Flame                    Hexes/Fire                   3
   e - Sticky Flame                   Conjuration/Fire             4
   f - Fireball                       Conjuration/Fire             5
Comestibles
 c - 2 bread rations
 f - 3 meat rations
 B - 2 royal jellies


   Skills:
 + Level 0.8 Fighting
 + Level 3.6 Dodging
 + Level 3.9 Stealth
 + Level 9.4 Spellcasting
 + Level 6.1 Conjurations
 + Level 7.6 Fire Magic


You had 14 spell levels left.
You knew the following spells:

 Your Spells              Type           Power        Failure   Level  Hunger
a - Flame Tongue          Conj/Fire      #####        1%          1    None
b - Throw Flame           Conj/Fire      ######       1%          2    None
c - Conjure Flame         Conj/Fire      ######..     1%          3    None
d - Fireball              Conj/Fire      ######....   10%         5    ####...


Dungeon Overview and Level Annotations

Branches:
Dungeon (6/15)             Temple (1/1) D:6

Altars:
Ashenzari
Cheibriados
Dithmenos
Elyvilon
Gozag
Hepliaklqana
Kikubaaqudgha
Makhleb
Nemelex Xobeh
Okawaru
Qazlal
Ru
Sif Muna
Trog
Uskayaw
Vehumet
Wu Jian
Xom
Yredelemnul
Zin
The Shining One


Message History

The sky beast closely misses you.
Casting: Flame Tongue
Confirm with . or Enter, or press ? or * to list all spells.
Aiming: Flame Tongue
Press: ? - help, Shift-Dir - straight line, f/p - sky beast
Aim: a sky beast (severely wounded)
You feel a surge of power!
The flame tongue hits the sky beast.
The sky beast is almost dead.
The sky beast misses you.
Casting: Flame Tongue
Confirm with . or Enter, or press ? or * to list all spells.
Aiming: Flame Tongue
Press: ? - help, Shift-Dir - straight line, f/p - sky beast
Aim: a sky beast (almost dead)
You feel a surge of power!
The flame tongue hits the sky beast.
The sky beast is almost dead.
The sky beast hits you.
* * * LOW HITPOINT WARNING * * *
The sky beast shocks you.
You die...

# ##.##.#.#
#.#####.#########.#
# #..##.#.#
#.......# #.# #
#.###.#.# #.#######
#.# # #.# #.#.#
#..# #.# # #.#
#.#.# ##.# ######.#
###.###.#.# #.#
#......#
..........# #.#
#.######
###.###.### #.# #.#
#.###.# #@# #.#
###.#...# #Y# #.#
........# #.# #(#
....#.#.# #.# #.#
.####.#.# #.# #.#
.# #.#.# #.# #.# .#
#.#.# #.# #.### .#
##.#.########.#
#...#
.###..........>..#
###.#


You could see a sky beast.

Vanquished Creatures
  Pikel (D:5)
  Menkaure (D:5)
  Edmund (D:5)
  Duvessa (D:4)
  A black bear (D:6)
  A sky beast (D:6)
  A slave (D:5)
  2 ogres
  Dowan (D:4)
  A crimson imp (D:5)
  2 hounds (D:6)
  2 jellies (D:6)
  5 orc priests
  2 orc wizards
  A centaur skeleton (D:6)
  An iguana (D:6)
  A worker ant (D:6)
  8 adders
  3 oozes
  An adder skeleton (D:4)
  An adder zombie (D:6)
  3 worms
  A dart slug (D:3)
  3 leopard geckos
  12 orcs
  6 giant cockroaches
  7 goblins
  4 hobgoblins
  10 jackals
  A quokka (D:5)
  A ball python (D:1)
  7 bats
  4 frilled lizards
  4 kobolds
  6 rats
107 creatures vanquished.

Vanquished Creatures (others)
  A worker ant zombie (D:5)
1 creature vanquished.

Grand Total: 108 creatures vanquished

Notes
Turn   | Place    | Note
-------+----------+-------------------------------------------
     0 | D:1      | nikopol the Deep Elf Fire Elementalist began the quest for the Orb.
     0 | D:1      | Reached XP level 1. HP: 10/10 MP: 6/6
   155 | D:1      | Reached XP level 2. HP: 15/15 MP: 5/8
   702 | D:2      | Reached XP level 3. HP: 19/19 MP: 3/9
  1116 | D:2      | Learned a level 2 spell: Throw Flame
  1120 | D:2      | Learned a level 3 spell: Conjure Flame
  1614 | D:3      | Reached XP level 4. HP: 24/24 MP: 5/11
  1709 | D:3      | Noticed an ogre
  1718 | D:3      | Killed an ogre
  1718 | D:3      | Reached skill level 4 in Spellcasting
  1718 | D:3      | Reached XP level 5. HP: 28/28 MP: 1/13
  2662 | D:4      | Learned a level 5 spell: Fireball
  2675 | D:4      | Noticed Duvessa
  2727 | D:4      | Reached skill level 5 in Fire Magic
  2843 | D:4      | Noticed an ogre
  3147 | D:4      | Reached skill level 5 in Spellcasting
  3213 | D:4      | HP: 1/28 [orc wizard/dagger (1)]
  3792 | D:4      | Killed an ogre
  3792 | D:4      | Reached XP level 6. HP: 32/32 MP: 8/16
  4027 | D:4      | Noticed Dowan
  4027 | D:4      | Killed Duvessa
  4027 | D:4      | Reached skill level 6 in Spellcasting
  4032 | D:4      | Killed Dowan
  4032 | D:4      | Reached XP level 7. HP: 36/36 MP: 3/18
  4805 | D:5      | Entered Level 5 of the Dungeon
  5118 | D:5      | Noticed Menkaure
  5124 | D:5      | Killed Menkaure
  5124 | D:5      | Reached skill level 7 in Spellcasting
  5255 | D:5      | Noticed Pikel
  5458 | D:5      | Killed Pikel
  5458 | D:5      | Reached skill level 8 in Spellcasting
  5458 | D:5      | Reached skill level 5 in Conjurations
  5458 | D:5      | Reached XP level 8. HP: 42/42 MP: 8/22
  5657 | D:5      | Noticed Edmund
  5668 | D:5      | Killed Edmund
  6092 | D:6      | Reached skill level 9 in Spellcasting
  6315 | D:6      | Found a staircase to the Ecumenical Temple.
  6380 | Temple   | Entered the Ecumenical Temple
  6485 | Temple   | Became a worshipper of Sif Muna the Loreminder
  6600 | D:5      | Slain by a sky beast

Vault maps used:
D:1:      minmay_arrival_wavy_path
D:4:      first_bread, uniq_duvessa
D:5:      uniq_pikel, uniq_edmund, uniq_menkaure
D:6:      temple_pool_b
Temple:   kilobyte_greek_temple

Skill      XL: |  1  2  3  4  5  6  7  8 |
---------------+-------------------------+-----
Fire Magic     | 4 5 7 |  7.6
Stealth        | 3 |  3.9
Dodging        | 3 |  3.6
Spellcasting   | 4 5 6 8 9 |  9.4
Conjurations   | 2 3 5 6 |  6.1
Fighting       | |  0.8

Action                   |  1- 3 |  4- 6 |  7- 9 || total
-------------------------+-------+-------+-------++-------
Melee: Dagger            |     1 |       |     9 ||    10
       Staff             |       |       |     1 ||     1
 Cast: Flame Tongue      |    74 |    98 |   130 ||   302
       Conjure Flame     |     1 |     6 |     8 ||    15
       Throw Flame       |       |    19 |     7 ||    26
       Fireball          |       |       |     2 ||     2
  Eat: Chunk             |     1 |     6 |     9 ||    16
       Royal jelly       |       |     1 |       ||     1
Armor: Robe              |    12 |     2 |     4 ||    18
Dodge: Dodged            |    37 |     8 |    25 ||    70

Table legend:
 A = Spawn XP
 B = Non-spawn XP
 C = Spawn XP percentage of total XP
 D = Spawn monster count
 E = Non-spawn monster count
 F = Spawn count percentage of total count
 G = Total turns spent on level
                    A         B        C        D         E        F      G
               +---------+---------+-------+---------+---------+-------+---------
         Total |       0 |    2601 |   0.0 |       0 |     106 |   0.0 |  6600
               +---------+---------+-------+---------+---------+-------+---------
           D:1 |       0 |      38 |   0.0 |       0 |      18 |   0.0 |   848
           D:2 |       0 |      41 |   0.0 |       0 |      18 |   0.0 |   455
           D:3 |       0 |     202 |   0.0 |       0 |      14 |   0.0 |  1755
           D:4 |       0 |     608 |   0.0 |       0 |      31 |   0.0 |  1859
           D:5 |       0 |    1156 |   0.0 |       0 |      12 |   0.0 |  1046
           D:6 |       0 |     556 |   0.0 |       0 |      13 |   0.0 |   489
               +---------+---------+-------+---------+---------+-------+---------
